 Dungeon Crawl Stone Soup version 0.27.0-1-g7a089689b8 (webtiles) character file.

Game seed: 16679848981565640009

219 seveneves the Shield-Bearer (level 5, -1/47 HPs)
             Began as a Minotaur Fighter on Aug 3, 2021.
             Succumbed to an orc wizard's poison
             ... on level 4 of the Dungeon.
             The game lasted 00:07:59 (2916 turns).

seveneves the Shield-Bearer (Minotaur Fighter)      Turns: 2916, Time: 00:07:59

Health: -1/47      AC:  8    Str: 21    XL:     5   Next: 64%
Magic:  0/4        EV:  8    Int:  5    God:
Gold:   159        SH:  0    Dex: 10    Spells: 4/4 levels left

rFire    . . .     SeeInvis .   p - +1 long sword (elec)
rCold    + . .     Faith    .   c - +0 kite shield
rNeg     . . .     Spirit   +   b - +0 scale mail
rPois    .         Reflect  .   (helmet restricted)
rElec    .         Harm     .   (no cloak)
rCorr    .         Rampage  .   (no gloves)
Will     .....                  j - +0 pair of boots
Stlth    ..........             m - amulet of guardian spirit
HPRegen  0.15/turn              k - ring of protection from cold
MPRegen  0.09/turn              (no ring)

@: confused, mighty, lethally poisoned (-1 -> -7)
A: horns 2, retaliatory headbutt
a: no special abilities


You were on level 4 of the Dungeon.
You visited 1 branch of the dungeon, and saw 4 of its levels.

You collected 159 gold pieces.

Inventory:

Hand Weapons
 a - a +0 long sword
 e - a +2 dagger of venom
 p - a +1 long sword of electrocution (weapon)
Armour
 b - a +0 scale mail (worn)
 c - a +0 kite shield (worn)
 j - a +0 pair of boots (worn)
Jewellery
 k - a ring of protection from cold (left hand)
 m - an amulet of guardian spirit (around neck)
Scrolls
 f - a scroll of immolation {unknown}
 g - a scroll of identify {unknown}
 i - a scroll of teleportation {unknown}
 n - a scroll of holy word {unknown}
 q - a scroll of noise {unknown}
Potions
 h - 4 potions of heal wounds {unknown}
 l - a potion of lignification {unknown}
 o - a potion of brilliance {unknown}


   Skills:
 + Level 4.5 Fighting
 + Level 2.6(3.1) Short Blades
 + Level 2.8(3.4) Long Blades
 + Level 4.8 Armour
 + Level 1.0 Dodging
 + Level 0.8 Stealth
 + Level 4.9 Shields


You had 4 spell levels left.
You didn't know any spells.
Your spell library was empty.

Dungeon Overview and Level Annotations

Branches:
Dungeon (4/15)
 Temple: D:4-7

Altars:
Zin

Shops:
D:1 ?


Innate Abilities, Weirdness & Mutations

You have a pair of horns on your head.
You reflexively headbutt those who attack you in melee.


Message History

The jackal is moderately wounded.
The jackal misses you.
An orc wizard comes into view. It is wielding a +1 dagger of venom.
You block the jackal's attack.
You hit the jackal. Lightning courses through the jackal!!
You kill the jackal!
Menkaure casts a spell at you.
You barely resist.
Menkaure mumbles, "Let me perform the rites..."
Menkaure calls on the powers of darkness!
The orc wizard convulses!
Your body is wracked with pain!
Things that are here:
a +0 falchion; a stone You hit Menkaure but do no damage.
Lightning courses through Menkaure! You headbutt Menkaure.
Menkaure is severely damaged.
The orc wizard hits you with a +1 dagger of venom.
* * * LOW HITPOINT WARNING * * *
You are lethally poisoned!
Menkaure calls on the powers of darkness!
The orc wizard convulses!
Your body is wracked with pain!
* * * LOW HITPOINT WARNING * * *
The orc wizard barely misses you.
You feel very mighty all of a sudden.
* * * LOW HITPOINT WARNING * * *
You feel very sick.
Menkaure giggles, "These cerements are ticklish..."
You block Menkaure's attack.
The orc wizard hits you with a +1 dagger of venom.
* * * LOW HITPOINT WARNING * * *
You slash Menkaure! Lightning courses through Menkaure!
You destroy Menkaure!
* * * LOW HITPOINT WARNING * * *
You feel sick.
The orc wizard gestures at you while chanting.
You are confused.
Your base Short Blades skill increases to level 2!
Your Dodging skill increases to level 1!
You have reached level 5!
You die...

..# #.....# .# ###
#.....# .#
#.....########.# #
#..............# ##
#....)........># .###
#..............#
...###.##...........#
.......##...........#
#......##.......@)o.#
###...###...........#
#####
#...............
#...........###.#
#############


You could see an orc wizard.

Vanquished Creatures
  Menkaure (D:4)
  A hound zombie (D:4)
  2 adders
  A white imp (D:3)
  A worm (D:3)
  3 dart slugs
  4 ball pythons
  4 endoplasms
  A giant cockroach (D:1)
  3 goblins
  3 hobgoblins
  7 jackals
  2 quokkas (D:1)
  10 bats
  2 frilled lizards (D:1)
  6 kobolds
  4 rats
55 creatures vanquished.

Notes
Turn   | Place    | Note
-------+----------+-------------------------------------------
     0 | D:1      | seveneves the Minotaur Fighter began the quest for the Orb.
     0 | D:1      | Reached XP level 1. HP: 19/19 MP: 0/0
   128 | D:1      | Found a faded altar of an unknown god.
   139 | D:1      | Reached XP level 2. HP: 26/27 MP: 1/1
   621 | D:1      | Reached XP level 3. HP: 30/33 MP: 2/2
   747 | D:1      | Found Omuschoy's Magic Scroll Shop.
  1082 | D:2      | Found a glowing silver altar of Zin.
  2109 | D:3      | Reached skill level 1 in Short Blades
  2358 | D:3      | Reached XP level 4. HP: 40/40 MP: 3/3
  2907 | D:4      | Noticed Menkaure
  2915 | D:4      | Killed Menkaure
  2915 | D:4      | HP: 1/41 [poisoned by an orc wizard]
  2916 | D:4      | Reached skill level 1 in Dodging
  2916 | D:4      | Reached XP level 5. HP: 1/47 MP: 0/4
  2916 | D:4      | Succumbed to an orc wizard's poison

Illustrated notes

Levels and vault maps discovered:
D:1:      wander_arrival_lonely_grave, layout_basic, serial_shops, shop_statue,
          dreamdust_ecumenical_altar_hidden_monk_grotto
D:2:      layout_basic, basic_altar
D:3:      layout_loops_corners, hangedman_decor_diamond_cutter
D:4:      layout_basic, nicolae_dithmenos_shadow_blocks, serial_curves,
          eino_curves_03, eino_curves_02, uniq_menkaure

Skill      XL: |  1  2  3  4 |
---------------+-------------+-----
Fighting       | 4 |  4.5
Shields        | 4 |  4.9
Armour         | 4 |  4.8
Short Blades   | 1 2 |  2.6
Dodging        | 1 |  1.0
Long Blades    | |  2.8
Stealth        | |  0.8

Action                   |  1- 3 |  4- 6 || total
-------------------------+-------+-------++-------
Melee: Dagger            |    81 |       ||    81
       Headbutt          |    15 |     5 ||    20
       Long sword        |    13 |    20 ||    33
  Use: Potion            |       |     1 ||     1
Armor: Scale mail        |    40 |     7 ||    47
Dodge: Dodged            |    35 |     5 ||    40
Block: Kite shield       |    48 |     9 ||    57
       Rpst.: Long sword |     2 |     1 ||     3
